 Dungeon Crawl Stone Soup version 0.22.0-1-g6561e4c (webtiles) character file.

169 mopl the Caller (level 5, -3/35 HPs)
             Began as a Mummy Summoner on Aug 12, 2018.
             Slain by a gnoll
             ... wielding a +0 spear
              (8 damage)
             ... on level 3 of the Dungeon.
             The game lasted 00:05:19 (3986 turns).

mopl the Caller (Mummy Summoner)                    Turns: 3986, Time: 00:05:19

Health: -3/35      AC:  2    Str: 11    XL:     5   Next: 25%
Magic:  8/11       EV: 12    Int: 16    God:
Gold:   197        SH:  0    Dex: 12    Spells: 3/12 levels left

rFire    . . .     SeeInvis .   a - +0 halberd
rCold    + . .     Gourm    .   (shield currently unavailable)
rNeg     + + +     Faith    .   p - +0 robe
rPois    ∞         Spirit   .   (no helmet)
rElec    .         Reflect  .   (no cloak)
rCorr    .         Harm     .   (no gloves)
MR       .....                  (no boots)
Stlth    ++........             (no amulet)
HPRegen  0.11/turn              k - ring of wizardry
MPRegen  0.12/turn              h - ring of protection from fire

@: no status effects
A: no food or potions, fire vulnerability, cold resistance 1, negative energy
resistance 3, torment resistance, unbreathing
a: no special abilities


You were on level 3 of the Dungeon.
You were not hungry.

You visited 1 branch of the dungeon, and saw 3 of its levels.

You collected 197 gold pieces.

Inventory:

Hand Weapons
 a - a +0 halberd (weapon)
 c - a +0 dagger
 g - a +0 short sword
Missiles
 b - 6 poisoned needles
 d - 3 tomahawks (quivered)
 o - 2 throwing nets
Armour
 j - a cursed -2 ring mail
 p - a +0 robe (worn)
Jewellery
 e - an uncursed ring of protection from cold
 h - a ring of protection from fire (right hand)
 k - a ring of wizardry (left hand)
 l - an uncursed ring of protection from fire
Wands
 m - a wand of paralysis (10)
Scrolls
 f - a scroll of magic mapping
 i - a scroll of identify
 n - a scroll of remove curse


   Skills:
 - Level 1.5 Dodging
 - Level 1.5 Stealth
 + Level 4.2 Spellcasting
 + Level 1.2 Hexes
 * Level 4.7 Summonings


You had 3 spell levels left.
You knew the following spells:

 Your Spells              Type           Power        Failure   Level  Hunger
a - Summon Small Mammal   Summ           ###.         1%          1    N/A
b - Call Imp              Summ           ###.....     1%          2    N/A
c - Call Canine Familiar  Summ           ###.....     2%          3    N/A
h - Summon Guardian Gole  Hex/Summ       ##......     6%          3    N/A

Your spell library contained the following spells:

 Spells                   Type           Power        Failure   Level  Hunger
 Summon Ice Beast         Ice/Summ       ##......     24%         4    N/A
 Summon Lightning Spire   Summ/Air       ##......     24%         4    N/A

Dungeon Overview and Level Annotations

Branches:
Dungeon (3/15)

Altars:
Fedhas
Gozag
Nemelex Xobeh
Trog
Uskayaw


Innate Abilities, Weirdness & Mutations

You do not eat or drink.
Your flesh is vulnerable to fire.
You are immune to poison.
Your flesh is cold resistant. (rC+)
You are immune to negative energy. (rN+++)
You are immune to unholy pain and torment.
You can survive without breathing.


Message History

Your hound closely misses the gnoll.
Unknown command.
Attack whom?
Press: ? - help, Dir - move target cursor, f/p - gnoll
Aim: a gnoll, wielding a spear (severely wounded)
You could not reach far enough!
Your hound bites the gnoll.
The gnoll dies!
The gnoll hits you from afar with a spear.
* * * LOW HITPOINT WARNING * * *
Your hound bites the gnoll but does no damage.
The gnoll hits you from afar with a spear.
* * * LOW HITPOINT WARNING * * *
The gnoll barely misses your hound.
Attack whom?
Press: ? - help, Dir - move target cursor, f/p - gnoll
Aim: a gnoll, wielding a spear (severely wounded)
You could not reach far enough!
Your hound barely misses the gnoll.
The gnoll misses your hound.
The gnoll hits you from afar with a spear!
You die...

.._..#.#.._..#..
#........#
.8.8.#.#.8.8.#..
#.....##.#
#...##.##...##..
#.....##.##
#####...##### ..
#.<...##...
#.....# #.
###......####
####### #g##
#.....#..## #gg#
#.....#...# #h#
#.......#.# #@##
#######.#.### #..#
#.#....
##.#########.####.
#.#....%..#.##...
#.#8.....8#....##
#.#...%...#......
#.#8.....8#.#.##.
#.#.......#......
#.#8.....8#.#.###


You could see 3 gnolls and a friendly hound.

Vanquished Creatures
  2 gnolls (D:3)
  An adder (D:2)
  A dart slug (D:1)
  A leopard gecko (D:2)
  5 orcs (D:3)
  7 bats
  6 goblins
  6 hobgoblins
  2 jackals (D:3)
  A quokka (D:2)
  A ball python (D:1)
  6 frilled lizards
  6 kobolds
  7 rats
52 creatures vanquished.

Vanquished Creatures (collateral kills)
  An orc priest (D:3)
  An orc wizard (D:3)
  Ijyb (D:3)
  2 gnolls (D:3)
  An adder (D:2)
  An ooze (D:2)
  A worm (D:2)
  2 leopard geckos (D:2)
  4 orcs (D:3)
  A ball python (D:2)
  A giant cockroach (D:2)
  9 goblins
  A hobgoblin (D:2)
  4 kobolds
  3 bats
  2 frilled lizards
  3 rats
38 creatures vanquished.

Grand Total: 90 creatures vanquished

Notes
Turn   | Place    | Note
-------+----------+-------------------------------------------
     0 | D:1      | mopl the Mummy Summoner began the quest for the Orb.
     0 | D:1      | Reached XP level 1. HP: 13/13 MP: 4/4
   458 | D:1      | Reached skill level 3 in Spellcasting
   679 | D:1      | Reached XP level 2. HP: 19/19 MP: 6/6
   689 | D:1      | Found a blossoming altar of Fedhas.
   795 | D:1      | Learned a level 2 spell: Call Imp
  1555 | D:2      | Reached XP level 3. HP: 7/24 MP: 2/7
  1560 | D:2      | Learned a level 3 spell: Call Canine Familiar
  1954 | D:2      | Reached skill level 4 in Summonings
  2598 | D:2      | Reached XP level 4. HP: 28/30 MP: 3/9
  2603 | D:2      | Learned a level 3 spell: Summon Guardian Golem
  2999 | D:3      | Noticed Ijyb
  3018 | D:3      | Killed Ijyb
  3178 | D:3      | Found a bloodstained altar of Trog.
  3187 | D:3      | Found a sparkling altar of Nemelex Xobeh.
  3366 | D:3      | Found an opulent altar of Gozag.
  3383 | D:3      | Reached skill level 4 in Spellcasting
  3403 | D:3      | Found a hide-covered altar of Uskayaw.
  3409 | D:3      | Reached skill level 1 in Hexes
  3591 | D:3      | Reached XP level 5. HP: 22/35 MP: 11/11
  3986 | D:3      | Slain by a gnoll

Skill      XL: |  1  2  3  4 |
---------------+-------------+-----
Spellcasting   | 3 4 |  4.2
Summonings     | 4 |  4.7
Hexes          | 1 |  1.2
Dodging        | |  1.5
Stealth        | |  1.5

Action                   |  1- 3 |  4- 6 || total
-------------------------+-------+-------++-------
Melee: Unarmed           |    79 |       ||    79
       Dagger            |    51 |       ||    51
       Short sword       |    73 |    99 ||   172
       Halberd           |       |     6 ||     6
 Cast: Summon Small Mamm |     3 |     1 ||     4
       Call Imp          |     7 |     7 ||    14
       Call Canine Famil |     3 |     6 ||     9
  Use: Scroll            |     3 |     3 ||     6
 Stab: Sleeping          |     4 |       ||     4
       Distracted        |       |     1 ||     1
Armor: Robe              |    42 |    16 ||    58
Dodge: Dodged            |   123 |    79 ||   202
